 Dungeon Crawl Stone Soup version 0.21.1-1-g345015fe64 (webtiles) character file.

46 DildoBatman the Magician (level 3, 0/28 HPs)
             Began as a Formicid Wizard on May 1, 2018.
             Slain by an adder (1 damage)
             ... on level 1 of the Dungeon.
             The game lasted 00:03:47 (1241 turns).

DildoBatman the Magician (Formicid Wizard)          Turns: 1241, Time: 00:03:48

Health: 0/28       AC:  5    Str: 11    XL:     3   Next: 92%
Magic:  0/7        EV: 10    Int: 18    God:
Gold:   119        SH:  0    Dex:  9    Spells: 7/8 levels left

rFire    . . .     SeeInvis +   (no weapon)
rCold    . . .     Gourm    .   (no shield)
rNeg     . . .     Faith    .   f - +0 ring mail
rPois    .         Spirit   .   (helmet unavailable)
rElec    .         Reflect  .   (no cloak)
rCorr    .         Harm     .   (no gloves)
MR       .....                  (no boots)
Stlth    +.........             (no amulet)
HPRegen  0.09/turn              (no ring)
MPRegen  0.10/turn              (no ring)

@: lethally poisoned (0 -> -3)
A: permanent stasis, dig shafts and tunnels, four strong arms, antennae 3
a: Dig, Shaft Self


You were on level 1 of the Dungeon.
You were not hungry.

You visited 1 branch of the dungeon, and saw 2 of its levels.

You collected 119 gold pieces.

Inventory:

Missiles
 e - 39 stones (quivered)
 i - 19 bolts
 k - 11 sling bullets
 o - 10 arrows
Armour
 f - a +0 ring mail (worn)
Scrolls
 a - 5 scrolls of identify {unknown}
 c - a scroll of teleportation {unknown}
 h - a scroll of magic mapping {unknown}
 j - a scroll of remove curse {unknown}
 n - a scroll of fog {unknown}
Potions
 d - a potion of ambrosia {unknown}
 l - a potion of mutation {unknown}
 m - a potion of heal wounds {unknown}
 p - a potion of might {unknown}
Books
 b - a book of Minor Magic

   Spells                             Type                      Level
   a - Magic Dart                     Conjuration                  1
   b - Blink                          Translocation                2
   c - Call Imp                       Summoning                    2
   d - Slow                           Hexes                        2
   e - Conjure Flame                  Conjuration/Fire             3
   f - Mephitic Cloud                 Conjuration/Poison/Air       3
Comestibles
 g - 4 chunks of flesh
 v - 4 rations


   Skills:
 * Level 2.5 Fighting
 - Level 1.7 Dodging
 - Level 2.4 Stealth
 - Level 3.2 Spellcasting
 - Level 2.0 Conjurations
   Level 1.0 Summonings
   Level 0.8 Translocations


You had 7 spell levels left.
You knew the following spells:

 Your Spells              Type           Power        Failure   Level  Hunger
c - Magic Dart            Conj           ##..         16%         1    None


Dungeon Overview and Level Annotations

Branches:
Dungeon (2/15)

Altars:

Annotations:
D:2 Terence


Innate Abilities, Weirdness & Mutations

You cannot be hasted, slowed, berserked, paralysed or teleported.
You can dig through walls and to a lower floor.
Your four strong arms can wield two-handed weapons with a shield.
You have a pair of large antennae on your head. (SInv)


Message History

Confirm with . or Enter, or press ? or * to list all spells.
You don't have enough magic to cast that spell.
You are too injured to fight recklessly!
Casting: Magic Dart
Confirm with . or Enter, or press ? or * to list all spells.
You don't have enough magic to cast that spell.
You are too injured to fight recklessly!
Casting: Magic Dart
Confirm with . or Enter, or press ? or * to list all spells.
You don't have enough magic to cast that spell.
You are too injured to fight recklessly!
Casting: Magic Dart
Confirm with . or Enter, or press ? or * to list all spells.
You don't have enough magic to cast that spell.
You are too injured to fight recklessly!
You hit the adder but do no damage.
The adder is moderately wounded.
You feel sick. The adder bites you.
You die...

## .## ..## ####### ...#
#.....# ...#
#.###.############## ...#
#.# #..............# ..##
#.# ######.....###.# .##
#.####.............. ##
######.#@##.###.....###.# #
##....#.##S#.####รท..## #.#
########...#.#.##S>..#######
#.# .................).....#
#.# ###..###...###.........#
#.# # ##+#######
#.........########.# #..[#
###...............##.# #...#
#...........#####.##.#
###...###
###..#.............#.#


You could see 2 adders.

Vanquished Creatures
  An adder (D:1)
  A dart slug (D:1)
  A ball python (D:2)
  8 bats
  2 giant cockroaches (D:1)
  5 goblins
  6 hobgoblins
  2 frilled lizards (D:2)
  4 kobolds
  5 rats
35 creatures vanquished.

Notes
Turn   | Place    | Note
-------+----------+-------------------------------------------
     0 | D:1      | DildoBatman the Formicid Wizard began the quest for the Orb.
     0 | D:1      | Reached XP level 1. HP: 13/13 MP: 4/4
    51 | D:1      | Reached skill level 1 in Conjurations
   285 | D:1      | Reached skill level 1 in Fighting
   285 | D:1      | Reached XP level 2. HP: 21/21 MP: 3/6
   575 | D:1      | Reached XP level 3. HP: 15/27 MP: 0/7
  1059 | D:2      | Noticed Terence
  1241 | D:1      | HP: 1/28 [poisoned by an adder]
  1241 | D:1      | Slain by an adder

Skill      XL: |  1  2  3 |
---------------+----------+-----
Conjurations   | 1 2 |  2.0
Fighting       | 1 2 |  2.5
Dodging        | |  1.7
Stealth        | |  2.4
Spellcasting   | |  3.2
Summonings     | |  1.0
Translocations | |  0.8

Action                   || total
-------------------------++-------
Melee: Unarmed           ||    55
 Cast: Magic Dart        ||    80
 Abil: Dig               ||     2
  Eat: Chunk             ||     1
Armor: Robe              ||     2
       Ring mail         ||    69
Dodge: Dodged            ||    67
